Map: Dusty Gorge

Players

Minucius - Winner!

  • Race: Terran Terran
  • Spawn Location: 11:00

ILIEKEGGPIE - Winner!

  • Race: Protoss Protoss
  • League: Platinum
  • Spawn Location: 9:00

KAMAEL

  • Race: Terran Terran
  • Spawn Location: 3:00

Ecstasy

  • Race: Protoss Protoss
  • League: Platinum
  • Spawn Location: 5:00

VOD

Have the link to the VOD?

Description

Time

  • Played on: May 25, 2018, 7:13 p.m.
  • Length: 7:14
Show
View Real Time Build Order
Export as new Build Order

Minucius Terran - Winner!

Build Orders:  

Get SALT Encoding   

  12  0:01  SCV  
  13  0:13  SCV  
  14  0:18  Supply Depot  
  14  0:25  SCV  
  15  0:39  SCV  
  15  0:41  Barracks  
  16  0:52  SCV  
  16  0:56  Refinery  
  17  1:03  Barracks  
  18  1:04  SCV  
  18  1:16  SCV  
  19  1:22  Refinery  
  19  1:30  Supply Depot, SCV  
  20  1:39  Reaper  
  21  1:45  SCV  
  23  1:54  Reaper  
  23  1:59  Orbital Command  
  23  2:11  Reaper  
  24  2:19  Supply Depot  
  24  2:26  Reaper, SCV  
  26  2:38  SCV  
  26  2:39  Factory  
  26  2:43  Marine  
  28  2:50  SCV  
  29  2:58  Marine  
  30  3:02  SCV  
  31  3:09  Barracks Tech Lab  
  31  3:14  SCV  
  32  3:26  SCV  
  33  3:28  Command Center  
  32  3:38  SCV  
  33  3:50  SCV  
  33  3:51  Supply Depot x2  
  33  3:53  Barracks Reactor  
  33  3:55  Stimpack  
  34  4:02  SCV  
  35  4:13  Supply Depot  
  35  4:14  SCV  
  35  4:22  Marauder  
  35  4:31  Supply Depot  
  35  4:33  Factory Tech Lab  
  35  4:34  SCV  
  36  4:38  Marine  
  36  4:39  Marine  
  36  4:43  Marine  
  39  4:46  SCV  
  39  4:51  Orbital Command  
  40  4:53  Refinery  
  40  4:56  Marine  
  40  4:57  Marine  
  40  4:58  SCV  
  43  5:01  Marauder  
  43  5:03  Starport  
  45  5:08  Engineering Bay  
  45  5:10  SCV  
  46  5:14  Marine  
  46  5:15  Marine  
  48  5:22  Marine, SCV  
  48  5:25  Siege Tank  
  53  5:32  Marine  
  53  5:33  Marine  
  53  5:35  SCV x2  
  57  5:40  Marauder  
  59  5:47  SCV x2  
  61  5:50  Marine  
  61  5:51  Marine  
  63  5:59  Medivac  
  63  6:02  Marauder  
  67  6:06  Engineering Bay  
  67  6:07  Marine  
  67  6:08  SCV  
  67  6:09  Armory, Marine  
  70  6:19  SCV  
  70  6:20  SCV  
  70  6:23  Marauder  
  70  6:24  Refinery  
  74  6:25  Marine  
  74  6:26  Marine  
  74  6:29  Medivac  
  74  6:31  SCV  
  79  6:33  SCV  
  80  6:40  Barracks  
  80  6:43  Marine  
  80  6:44  Marauder, Marine  
  80  6:45  SCV  
  85  6:58  Supply Depot  
Show
View Real Time Build Order
Export as new Build Order

ILIEKEGGPIE Protoss - Winner!

Build Orders:  

Get SALT Encoding   

  12  0:01  Probe  
  13  0:13  Probe  
  14  0:21  Pylon  
  14  0:25  Probe  
  15  0:39  Probe  
  16  0:46  Gateway  
  16  0:51  Probe  
  16  0:53  Assimilator  
  17  1:03  Probe  
  18  1:05  Assimilator  
  18  1:15  Probe  
  19  1:20  Gateway  
  19  1:28  Probe  
  20  1:36  Cybernetics Core  
  20  1:40  Probe  
  21  1:47  Pylon  
  21  1:52  Probe  
  22  2:03  Pylon  
  22  2:07  Stalker x2  
  22  2:14  Warp Gate  
  26  2:26  Pylon  
  26  2:37  Stalker  
  26  2:42  Stalker  
  30  2:47  Robotics Facility  
  30  3:05  Gateway  
  30  3:13  Stalker  
  30  3:14  Stalker  
  34  3:40  Pylon  
  34  3:43  Stalker  
  34  3:46  Stalker  
  38  4:05  Warp Prism  
  34  4:56  Stalker  
  34  4:57  Stalker x2  
  40  5:25  Adept x3  
  46  5:30  Pylon  
  44  5:43  Immortal  
  42  6:07  Stalker x3  
  48  6:14  Gateway  
  48  6:15  Gateway  
  48  6:21  Immortal  
  52  6:31  Stalker  
  54  6:36  Pylon, Probe  
  55  6:54  Probe  
  55  6:57  Stalker x3  
Show
View Real Time Build Order
Export as new Build Order

KAMAEL Terran 

Build Orders: Cyclone Opening 

Get SALT Encoding   

  12  0:02  SCV  
  13  0:15  SCV  
  14  0:27  SCV  
  15  0:34  Supply Depot  
  15  0:42  Refinery  
  15  0:51  Refinery  
  15  0:56  SCV  
  16  1:06  Barracks  
  16  1:08  SCV  
  17  1:12  Supply Depot  
  17  1:20  SCV  
  18  1:32  SCV  
  19  1:45  SCV  
  20  1:47  Supply Depot  
  20  1:57  SCV  
  20  1:58  Factory  
  21  2:01  Barracks Reactor  
  21  2:09  SCV  
  22  2:21  Orbital Command  
  22  2:53  Cyclone  
  25  3:06  Barracks Reactor  
  12  4:06  Orbital Command  
  12  4:28  Barracks Reactor  
  12  4:32  SCV  
  13  4:41  Factory Tech Lab  
  13  4:44  SCV  
  14  4:57  SCV  
  15  5:12  Command Center  
  15  5:19  Factory  
  15  6:23  Marine  
  15  6:24  SCV  
  15  6:25  Marine  
  18  6:36  SCV  
  18  6:37  Orbital Command  
  19  6:41  Marine  
  19  6:43  Marine  
Show
View Real Time Build Order
Export as new Build Order

Ecstasy Protoss 

Build Orders:  

Get SALT Encoding   

  12  0:01  Probe  
  13  0:13  Probe  
  14  0:21  Pylon  
  14  0:27  Probe  
  15  0:39  Probe  
  15  0:40  Gateway  
  16  0:50  Assimilator  
  16  0:55  Probe  
  17  1:07  Probe  
  18  1:11  Pylon  
  18  1:19  Probe  
  19  1:27  Cybernetics Core  
  19  1:31  Probe  
  20  1:33  Warp Gate  
  20  1:43  Probe  
  20  1:44  Assimilator  
  21  1:55  Probe  
  22  2:04  Stalker  
  22  2:07  Probe  
  25  2:22  Gateway x2  
  25  2:27  Pylon  
  25  2:34  Stalker  
  27  3:12  Stalker x2  
  31  3:29  Pylon  
  31  3:52  Stalker  
  31  3:53  Stalker x2  
  33  4:22  Zealot  
  33  4:23  Zealot x2  
  37  4:48  Stalker x3  
  43  5:24  Nexus  
  43  5:34  Zealot x2  
  43  5:35  Zealot  
  47  5:40  Pylon  
  42  5:43  Pylon x2  
  36  6:01  Gateway  
  36  6:03  Gateway, Pylon  
  36  6:05  Gateway  
  36  6:09  Forge  
  36  6:11  Gateway  
  36  6:13  Gateway  
  36  6:18  Stalker  
  36  6:19  Stalker  
  36  6:23  Stalker  
  42  6:48  Stalker x3  
  42  6:53  Pylon  
Tags
 
Add a new tag
Caveats
  • Supply blocks, unpowered buildings, or Contaminate may cause inaccurate times.
  • Supply counts are checked every 10 seconds.